 Dungeon Crawl Stone Soup version 0.30.1-8-g117510f58f (webtiles) character file.

Game seed: 15667149933187147798

2167939 CrazyMind the Ninja (level 27, 131/131 HPs)
             Began as a Spriggan Earth Elementalist on July 31, 2023.
             Was an Initiate of Gozag.
             Escaped with the Orb
             ... and 5 runes on Sept 23, 2023!
             The game lasted 15:42:53 (130499 turns).

CrazyMind the Ninja (Spriggan Earth Elementalist) Turns: 130499, Time: 15:42:54

Health: 131/131    AC: 12    Str:  5 (8)  XL:     27
Magic:  54/55      EV: 40    Int: 21 (25) God:    Gozag
Gold:   13237      SH: 10    Dex: 22      Spells: 8/80 levels left

rFire   + + +        F - +7 Spriggan's Knife {stab, EV+4 Stlth+}
rCold   + + +        W - +3 buckler {reflect}
rNeg    + + +        v - +2 robe {Archmagi}
rPois   ∞            z - +2 hood of the Assassin {Detect Stab+ Stlth++}
rElec   +            X - scarf {rC+ rF+}
rCorr   +            (gloves unavailable)
SInv    +            (boots unavailable)
Will    +++++        U - amulet "Netimp" {Spirit rPois Dex+3 Stlth+}
Stlth   +++++        Y - ring of Harmony {rElec rF+ rN+}
HPRegen 0.41/turn    t - ring of Kuekischus {rC+ rN+ Will+}
MPRegen 0.34/turn

%: reflection, guardian spirit, archmagi
@: mighty, brilliant, about to teleport, lich-form, resistant, hasted, studying
2 skills, invisible, very quick
A: draining attack, torment immunity, no potions, very small, no large weapons,
unfitting armour, see invisible, speed 3, strong 1
0: Orb of Zot
}: 5/15 runes: decaying, serpentine, slimy, silver, abyssal
a: End Transformation, Renounce Religion, Potion Petition, Call Merchant, Bribe
Branch


You escaped.
You worshipped Gozag.
Gozag was extremely pleased with you.
You were an undead lich.
You visited 13 branches of the dungeon, and saw 57 of its levels.
You visited the Abyss 1 time.
You also visited: Gauntlet and Ice Cave.

You collected 36903 gold pieces.
You spent 8407 gold pieces at shops.
You paid 15259 gold pieces to Gozag.

Inventory:

Hand Weapons
 F - the +7 Spriggan's Knife (weapon) {stab, EV+4 Stlth+}
   (You found it on level 5 of the Dungeon)

   Stab:      It is more effective when stabbing unaware enemies, sometimes
   treating them as though they were completely helpless.
   EV:        It affects your evasion (+4).
   Stlth:     It makes you more stealthy.
 T - the +8 long sword of Hoegepn {venom, rF++ Int+3 Stlth+}
   (You found it on level 3 of the Crypt)

   Int:       It affects your intelligence (+3).
   rF:        It greatly protects you from fire.
   Stlth:     It makes you more stealthy.
Missiles
 i - 98 boomerangs
 p - 59 poisoned darts
 E - 2 silver boomerangs
 H - 6 boomerangs of dispersal
 J - 30 curare-tipped darts
 N - 20 atropa-tipped darts (quivered)
 P - 6 throwing nets
Armour
 v - a +2 robe of the Archmagi (worn)
 z - the +2 hood of the Assassin (worn) {Detect Stab+ Stlth++}
   (You acquired it on level 4 of the Lair of Beasts)

   Detect:    It allows the wearer to sense nearby creatures.
   Stab+:     It allows the wearer to make particularly effective stabbing
   attacks against helpless or unaware enemies with any weapon.
   Stlth:     It makes you much more stealthy.
 W - a +3 buckler of reflection (worn)
 X - a scarf of resistance (worn)
Jewellery
 t - the ring of Kuekischus (right hand) {rC+ rN+ Will+}
   (You bought it in a shop on level 3 of the Elven Halls)

   [ring of willpower]

   rC:        It protects you from cold.
   rN:        It protects you from negative energy.
   Will:      It increases your willpower.
 y - the ring "Muidar" {Wiz Dex+3}
   (You found it in a Gauntlet)

   [ring of wizardry]

   It improves your spell success rate.
   Dex:       It affects your dexterity (+3).
 A - a ring of protection from cold
 I - a ring of protection from fire
 U - the amulet "Netimp" (around neck) {Spirit rPois Dex+3 Stlth+}
   (You took it off a deep elf death mage on level 3 of the Elven Halls)

   [amulet of guardian spirit]

   It causes incoming damage to be divided between your reserves of health and
   magic.
   Dex:       It affects your dexterity (+3).
   rPois:     It protects you from poison.
   Stlth:     It makes you more stealthy.
 Y - the ring of Harmony (left hand) {rElec rF+ rN+}
   (You took it off a deep elf death mage on level 3 of the Elven Halls)

   [ring of positive energy]

   rF:        It protects you from fire.
   rElec:     It insulates you from electricity.
   rN:        It protects you from negative energy.
Wands
 a - a wand of acid (46)
 l - a wand of roots (77)
 m - a wand of polymorph (41)
 w - a wand of digging (24)
 G - a wand of charming (97)
Scrolls
 c - 14 scrolls of magic mapping
 g - 6 scrolls of blinking
 h - 10 scrolls of vulnerability
 k - 15 scrolls of poison
 s - 12 scrolls of fear
 x - 27 scrolls of teleportation
 C - 10 scrolls of fog
 K - 8 scrolls of summoning
 S - 4 scrolls of silence
Potions
 b - a potion of magic
 d - 9 potions of ambrosia
 e - 2 potions of invisibility
 f - 7 potions of mutation
 j - 4 potions of cancellation
 q - 13 potions of flight
 r - 43 potions of curing
 u - 14 potions of might
 D - 7 potions of resistance
 L - 13 potions of heal wounds
 Q - 7 potions of brilliance
 R - 11 potions of haste
 V - 4 potions of attraction
Miscellaneous
 n - a phial of floods
 o - a box of beasts
 B - a lightning rod (4/4)
 M - a condenser vane
 O - a phantom mirror
 Z - the horn of Geryon


   Skills:
 + Level 9.4 Fighting
 + Level 11.4 Short Blades
 + Level 1.8 Throwing
 + Level 19.6 Dodging
 O Level 27 Stealth
 + Level 8.5 Shields
 O Level 27 Spellcasting
 + Level 11.5 Conjurations
 + Level 18.4 Hexes
 + Level 3.1 Summonings
 * Level 13.3 Necromancy
 + Level 3.1 Translocations
 * Level 21.1 Transmutations
 + Level 0.5 Fire Magic
 + Level 4.0 Ice Magic
 + Level 1.2 Air Magic
 + Level 18.6 Earth Magic
 + Level 2.3 Poison Magic
 * Level 14.9 Evocations


You had 8 spell levels left.
You knew the following spells:

 Your Spells              Type           Power      Damage    Failure   Level
a - Sandblast             Erth           100%       2d20      0%          1
b - Passwall              Tmut/Erth      100%       N/A       0%          2
c - Stone Arrow           Conj/Erth      100%       3d13      0%          3
d - Petrify               Tmut/Erth      100%       N/A       0%          4
e - Confusing Touch       Hex            100%       N/A       0%          3
f - Ensorcelled Hibernat  Hex/Ice        100%       N/A       1%          2
g - Dazzling Flash        Conj/Hex       100%       N/A       0%          3
h - Borgnjor's Vile Clut  Necr/Erth      72%        N/A       1%          5
i - Iron Shot             Conj/Erth      58%        9d11      1%          6
j - Fulminant Prism       Conj/Hex       58%        3d24      1%          4
k - Mephitic Cloud        Conj/Pois/Air  84%        N/A       1%          3
l - Ignite Poison         Fire/Tmut/Pois 96%        N/A       1%          3
m - Blink                 Tloc           100%       N/A       1%          2
n - Summon Mana Viper     Hex/Summ       100%       N/A       1%          5
o - Yara's Violent Unrav  Hex/Tmut       64%        3d24      0%          5
p - Dispel Undead         Necr           100%       3d31      1%          4
q - Discord               Hex            63%        N/A       6%          8
r - Necromutation         Tmut/Necr      74%        N/A       10%         8
s - Apportation           Tloc           100%       N/A       1%          1

Your spell library contained the following spells:

 Spells                   Type           Power      Damage    Failure   Level
 Beastly Appendage        Tmut           100%       N/A       0%          1
 Kiss of Death            Conj/Necr      100%       2d13      0%          1
 Magic Dart               Conj           100%       1d8       0%          1
 Necrotise                Necr           100%       1d9       0%          1
 Slow                     Hex            100%       N/A       0%          1
 Sting                    Tmut/Pois      100%       1d8       0%          1
 Sublimation of Blood     Necr           100%       N/A       0%          2
 Wereblood                Tmut           100%       N/A       0%          2
 Tukima's Dance           Hex            100%       N/A       0%          3
 Cause Fear               Hex            63%        N/A       0%          4
 Leda's Liquefaction      Hex/Erth       63%        N/A       0%          4
 Blade Hands              Tmut           66%        N/A       0%          5
 Call Imp                 Summ           100%       N/A       1%          2
 Cigotuvi's Dreadful Rot  Necr/Pois/Air  100%       N/A       1%          2
 Lesser Beckoning         Tloc           100%       N/A       1%          2
 Momentum Strike          Conj/Tloc      100%       3d10      1%          2
 Poisonous Vapours        Pois/Air       100%       N/A       1%          2
 Scorch                   Fire           100%       2d9       1%          2
 Searing Ray              Conj           100%       2d8       1%          2
 Call Canine Familiar     Summ           76%        N/A       1%          3
 Hailstorm                Conj/Ice       95%        3d19      1%          3
 Inner Flame              Hex/Fire       100%       N/A       1%          3
 Ozocubu's Armour         Ice            80%        N/A       1%          3
 Portal Projectile        Hex/Tloc       100%       N/A       1%          3
 Spider Form              Tmut/Pois      100%       N/A       1%          3
 Summon Guardian Golem    Hex/Summ       100%       N/A       1%          3
 Vampiric Draining        Necr           100%       2d13      1%          3
 Anguish                  Hex/Necr       72%        N/A       1%          4
 Animate Armour           Summ/Erth      100%       N/A       1%          4
 Flame Wave               Conj/Fire      88%        2d19      1%          4
 Ice Form                 Ice/Tmut       100%       N/A       1%          4
 Iskenderun's Mystic Bla  Conj/Tloc      93%        2d18      1%          4
 Sticky Flame             Conj/Fire      88%        2d10      1%          4
 Agony                    Necr           100%       N/A       1%          5
 Alistair's Intoxication  Tmut/Pois      72%        N/A       1%          5
 Irradiate                Conj/Tmut      60%        3d31      1%          5
 Iskenderun's Battlesphe  Conj           100%       2d15      1%          5
 Metabolic Englaciation   Hex/Ice        53%        N/A       1%          5
 Silence                  Hex/Air        51%        N/A       1%          5
 Death Channel            Necr           68%        N/A       1%          6
 Statue Form              Tmut/Erth      86%        N/A       1%          6
 Dragon Form              Tmut           66%        N/A       1%          7
 Enfeeble                 Hex            63%        N/A       1%          7
 Vhi's Electric Charge    Tloc/Air       100%       N/A       2%          3
 Volatile Blastmotes      Fire/Tloc      100%       2d18      2%          3
 Eringya's Noxious Bog    Tmut/Pois      54%        N/A       2%          6
 Swiftness                Air            66%        N/A       3%          3
 Summon Ice Beast         Ice/Summ       78%        N/A       3%          4
 Arcjolt                  Conj/Air       44%        1d54      3%          5
 Manifold Assault         Tloc           75%        N/A       4%          4
 Passage of Golubria      Tloc           75%        N/A       4%          4
 Fireball                 Conj/Fire      44%        3d18      4%          5
 Freezing Cloud           Conj/Ice/Air   43%        6-21      4%          5
 Olgreb's Toxic Radiance  Pois           72%        N/A       7%          4
 Summon Lightning Spire   Summ/Air       71%        N/A       7%          4
 Summon Forest            Summ/Tloc      38%        N/A       13%         5
 Orb of Destruction       Conj           53%        9d13      13%         7
 Storm Form               Tmut/Air       53%        N/A       14%         7
 Conjure Ball Lightning   Conj/Air       44%        3x3d15    19%         6
 Starburst                Conj/Fire      44%        6d12      22%         6
 Lehudib's Crystal Spear  Conj/Erth      58%        10d14     22%         8
 Borgnjor's Revivificati  Necr           68%        N/A       43%         8
 Infestation              Necr           68%        N/A       43%         8
 Haunt                    Necr/Summ      59%        N/A       45%         7
 Spellforged Servitor     Conj/Summ      46%        N/A       56%         7
 Summon Cactus Giant      Summ           38%        N/A       58%         6
 Plasma Beam              Fire/Air       32%        2x1d49    88%         6
 Malign Gateway           Summ/Tloc      38%        N/A       99%         7
 Monstrous Menagerie      Summ           38%        N/A       99%         7
 Summon Hydra             Summ           38%        N/A       99%         7
 Disjunction              Tloc           37%        N/A       100%        8
 Ignition                 Fire           31%        3d10      100%        8
 Maxwell's Capacitive Co  Air            33%        ∞         100%        8
 Summon Horrible Things   Summ           38%        N/A       100%        8
 Death's Door             Necr           68%        N/A       100%        9
 Animate Dead             Necr           Unusable   N/A       N/A         4
 Simulacrum               Ice/Necr       Unusable   N/A       N/A         6

Dungeon Overview and Level Annotations

Branches:
Dungeon (15/15)            Temple (1/1) D:6            Lair (5/5) D:11
  Swamp (4/4) Lair:2        Snake (4/4) Lair:3        Slime (5/5) Lair:5
    Orc (2/2) D:11            Elf (3/3) Orc:2        Vaults (5/5) D:14
  Crypt (3/3) Vaults:3       Tomb (0/3) Crypt:3      Depths (4/4) D:15
   Hell (visited)             Dis (0/7) Hell            Geh (0/7) Hell
    Coc (0/7) Hell            Tar (0/7) Hell            Zot (5/5) Depths:4
  IceCv (visited)         Gauntlet (visited)

Altars:
Ashenzari
Cheibriados
Dithmenos
Elyvilon
Fedhas
Gozag
Hepliaklqana
Kikubaaqudgha
Makhleb
Nemelex Xobeh
Okawaru
Qazlal
Ru
Sif Muna
Trog
Uskayaw
Vehumet
Wu Jian
Xom
Yredelemnul
Zin
The Shining One
Jiyva

Shops:
D:2 ?   D:8 =   D:13 (   Orc:2 *[(*?   Elf:1 ?   Elf:2 (   Elf:3 =
Lair:1 :::*[   Vaults:1 !   Vaults:3 [   Vaults:4 (   Vaults:5 !   Depths:2 !
Depths:4 ?

Portals:
Hell: Depths:1 Depths:2 Depths:3 Depths:4
Abyss: Depths:3
Pandemonium: Depths:2
Ziggurat: Depths:4


Innate Abilities, Weirdness & Mutations

You are an undead lich.
Your unarmed attacks are suffused with negative energy.
You are immune to unholy pain and torment.
Your necromantic spells are more powerful.
You cannot drink.
You are immune to poison.
You are very small and have problems with some larger weapons.
You are too small for most types of armour.
You have supernaturally acute eyesight. (SInv)
You cover ground extremely quickly. (Speed+++)
Your muscles are strong. (Str +4, Int/Dex -1)


Message History

You now have 14622 gold pieces (gained 15).
The demonspawn corrupter calls forth creatures from the Crypt!
The demonspawn blood saint calls on the powers of chaos!
The demonspawn corrupter seems to speed up.
The revenant is filled with an inner flame.
The revenant disappears in a puff of smoke!
There is a staircase leading out of the dungeon here. [a] - 384 gold - heal wounds, magic and curing [b] - 345 gold - haste and heal wounds [c] - 312 gold - heal wounds and magic Purchase which effect?
You feel much better. Magic courses through your body.
You are no longer corroded.
A red devil comes into view.
It is wielding a +0 trident. [a] - 360 gold - might, brilliance and haste [b] - 300 gold - heal wounds and berserk rage [c] - 378 gold - haste and brilliance Purchase which effect?
You feel very mighty all of a sudden.
You feel clever all of a sudden.
You feel yourself speed up.
Unknown command.
Unknown command.
Unknown command. [a] - 220 gold - resistance [b] - 242 gold - curing and magic [c] - 270 gold - resistance Purchase which effect?
You feel protected.
Unknown command. [a] - 660 gold - heal wounds, curing, resistance and might [b] - 493 gold - invisibility, might and heal wounds [c] - 176 gold - heal wounds and curing Purchase which effect?
You fade into invisibility!
You feel mightier all of a sudden.
You feel much better.
Unknown command.
As you read the scroll of teleportation, it crumbles to dust.
You feel strangely unstable.
You feel the Orb delaying your translocation!
You have escaped!

#.# #.# #.# ### #.# #.#
##. #.# #.# #.# #.# #.#
#.# ## ..# #.# #.# #.#
##.## #.# # ### #.#
##.###.###...####.#####
#.#
#..##...##............#
###.###
#.###...##...####.###.#
#.....#
#.###...#######.......#
###.#.#.# #..#.....###
#.#.#####
#.....#.###.....L....#
#.#.#
............##.....#.#
#.#.# #
#.#.....###..##.4.##.#
#.#.##### #.#######
#.###...##.# #.#......
#.# #.# #...##.#
#.####### #.# #.#
##.###.####.####### #.#
#.# #.# #.............
#.#########.# #.#
######.#######
.........##.# ### #.#


You could see a red devil (unable to see you).

Vanquished Creatures
  Dissolution (Slime:3)
  2 dread liches (Zot:5)
  6 orbs of fire (Zot:5)
  2 ancient liches (Zot:5)
  Margery (Crypt:1)
  Vv (Depths:3)
  Saint Roka (Snake:2)
  The ghost of Nornya the Convoker, a veteran MfSu of Ashenzari (Vaults:3)
  6 Killer Klowns
  The ghost of Emnejil the Slayer, a master VSBe of Trog (Zot:2)
  Geryon (Hell)
  16 golden dragons
  A curse toe (Zot:4)
  7 doom hounds
  A bone dragon (Abyss:3)
  The ghost of Kucw the Warrior, an adept GrFi of Cheibriados (Crypt:3)
  7 electric golems
  2 hellephants
  Zenata (Elf:1)
  Mlioglotl (Lair:3)
  23 tentacled monstrosities
  2 deep elf blademasters (Elf:3)
  4 liches
  25 Orb Guardians (Zot:5)
  Grunn (Crypt:3)
  2 deep elf master archers (Elf:3)
  2 titans
  3 walking divine tomes
  13 acid blobs
  4 ancient champions
  6 sphinxes
  5 quicksilver dragons
  15 death cobs
  12 shadow dragons
  17 storm dragons
  3 thorn hunters
  Kirke (Lair:4)
  5 tengu reavers
  Agnes (Snake:3)
  3 azure jellies
  Roxanne (Swamp:3)
  A fenstrider witch (Swamp:1)
  4 draconian monks
  3 nagarajas
  6 draconian knights
  7 rockslimes
  9 fire giants
  A revenant (Crypt:1)
  5 frost giants
  2 balrugs (Depths:1)
  A ghost moth (Vaults:4)
  An iron dragon (shapeshifter) (Vaults:5)
  A curse skull (Crypt:3)
  6 deep elf sorcerers
  6 draconian scorchers
  Aizul (Snake:1)
  2 caustic shrike zombies
  2 iron dragons
  Louise (Snake:2)
  A draconian stormcaller (Zot:1)
  23 vault wardens
  A cacodemon (D:1)
  4 draconian shifters
  16 ironbound preservers
  3 deep elf elementalists
  A caustic shrike skeleton (Crypt:3)
  13 very ugly things
  5 orc warlords
  11 reapers
  29 ghouls
  15 stone giants
  5 spriggan defenders
  8 quicksilver oozes
  8 draconian annihilators
  22 vampire knights
  2 war gargoyles
  4 ironbound thunderhulks
  7 deep elf demonologists (Elf:3)
  5 eleionomae
  12 dire elephants
  Azrael (D:12)
  8 green draconians
  11 white draconians
  7 yellow draconians
  A lorocyproca (Depths:2)
  12 deep elf annihilators
  13 black draconians
  6 bunyips
  A minotaur (Gauntlet)
  Nessos (D:14)
  13 red draconians
  3 spark wasps (Depths:4)
  11 purple draconians
  A green death (Hell)
  11 deep elf death magi
  A blizzard demon (D:9)
  5 eidola
  3 fire dragons
  2 crystal guardians
  11 ettins
  28 jiangshi
  An entropy weaver (Vaults:4)
  4 iron golems
  Fannar (Lair:3)
  A quicksilver dragon zombie (Crypt:3)
  Josephine (D:11)
  3 deep elf high priests
  2 spriggan zombies (Crypt:3)
  38 vault guards
  12 yaktaur captains
  10 great orbs of eyes
  12 salamander tyrants
  An ogre mage (D:15)
  3 peacekeepers
  14 ice dragons
  Harold (D:9)
  A fenstrider witch zombie (Crypt:3)
  18 centaur warriors
  9 ironbound frosthearts
  23 hydras
  4 hell beasts
  A ghost crab (Swamp:3)
  3 boulder beetles
  9 alligators
  A fenstrider witch skeleton (Crypt:1)
  6 rakshasas
  The ghost of lasso the Thaumaturge, a journeyman DECj of Vehumet (Lair:1)
  5 spriggan air magi
  10 two-headed ogres
  5 death knights
  14 anacondas
  7 deep troll shamans
  7 deep troll earth magi
  7 spriggan berserkers
  A death scarab (Crypt:2)
  2 hell hogs (Depths:1)
  8 tengu warriors
  35 dancing weapons
  2 orc high priests (Orc:2)
  12 vampire magi
  10 naga warriors
  8 death yaks
  6 shock serpents (Snake:4)
  3 thrashing horrors (Abyss:3)
  10 naga sharpshooters
  Sonja (D:12)
  5 sun demons
  9 soul eaters
  A storm dragon zombie (Crypt:3)
  20 deep elf knights
  12 hell knights
  2 spatial maelstroms (Abyss:3)
  A fire crab (shapeshifter) (Elf:1)
  6 salamander mystics
  A spectral death yak (Lair:5)
  A skyshark (Lair:5)
  A spectral anaconda (Lair:5)
  2 anaconda zombies (Hell)
  13 iron trolls
  A bunyip zombie (Crypt:3)
  2 sixfirhies
  2 goliath frogs
  6 spriggan druids
  13 swamp dragons
  6 glowing orange brains
  A swamp dragon (shapeshifter) (Vaults:5)
  2 sea snakes (Snake:3)
  A flayed ghost (Crypt:3)
  35 skeletal warriors
  A death drake (Snake:4)
  A bunyip skeleton (Crypt:2)
  A glowing orange brain (shapeshifter) (Depths:4)
  5 naga ritualists
  52 deep trolls
  7 lindwurms
  2 obsidian statues
  23 bog bodies
  10 deep elf archers
  18 ironbound convokers
  24 phantasmal warriors
  3 orc knights
  An iron giant skeleton (Crypt:1)
  27 deep elf zephyrmancers
  7 mana vipers
  An orange crystal statue (Zot:5)
  3 wizards
  6 harpies
  6 orc sorcerers
  10 necromancers
  2 anaconda skeletons (Hell)
  A faun (shapeshifter) (Depths:1)
  2 shining eyes (Slime:2)
  A shining eye (shapeshifter) (Crypt:1)
  23 deep elf pyromancers
  2 cyclopes
  4 manticores
  A wolf spider (D:15)
  22 salamanders
  16 ugly things
  A frost giant zombie (Crypt:1)
  5 will-o-the-wisps
  26 moths of wrath
  An iron dragon zombie (Crypt:3)
  A centaur zombie (Crypt:3)
  7 elephants (Lair:5)
  A salamander (shapeshifter) (Vaults:2)
  3 ice statues
  10 guardian serpents
  8 smoke demons
  38 black mambas
  4 rust devils
  17 naga magi
  24 vault sentinels
  3 eyes of devastation
  2 orange demons (D:1)
  2 gargoyles
  6 molten gargoyles
  A hellion (Depths:2)
  2 dire elephant skeletons
  A storm dragon simulacrum (Vaults:4)
  A demonic crawler (Depths:2)
  A rime drake (Lair:5)
  8 cane toads
  An unseen horror (Crypt:1)
  A sea snake zombie (Hell)
  3 kobold demonologists
  2 efreet
  3 anaconda simulacra (IceCv)
  An ancient zyme (Abyss:3)
  A dryad (Depths:3)
  4 tormentors
  An alligator snapping turtle skeleton (Crypt:2)
  6 komodo dragons
  15 yaktaurs
  A green draconian skeleton (Crypt:2)
  2 tengu conjurers
  7 freezing wraiths
  5 ice devils
  2 sea snake skeletons (Hell)
  3 harpy zombies (Crypt:3)
  A merfolk (Depths:3)
  A red devil (Depths:2)
  A polar bear (Lair:4)
  8 trolls
  2 tyrant leeches (shapeshifter)
  10 hornets
  3 meliai (D:14)
  2 ettin zombies
  9 tyrant leeches
  7 dream sheep
  A hydra skeleton (Hell)
  5 raiju (Abyss:3)
  2 spectral elephants (Lair:5)
  A radroach zombie (Crypt:1)
  24 blink frogs
  2 flying skulls
  An iron dragon simulacrum (Crypt:2)
  An air elemental (Elf:3)
  A black mamba zombie (Crypt:3)
  5 wyverns
  127 slime creatures
  5 dire elephant simulacra
  14 spriggans
  40 yaks
  20 wraiths
  A black mamba skeleton (Crypt:3)
  5 basilisks
  17 humans
  7 water elementals
  An elf zombie (Vaults:4)
  A slime creature zombie (Crypt:1)
  7 fire elementals
  4 golden eyes (Slime:3)
  Eustachio (D:6)
  3 hogs (Lair:4)
  A large abomination (Abyss:2)
  A redback (shapeshifter) (Vaults:2)
  2 death yak simulacra (Lair:5)
  A wind drake skeleton (Crypt:3)
  A redback (Vaults:4)
  A harpy simulacrum (IceCv)
  6 swamp worms
  3 vampire mosquitoes
  40 nagas
  A spectral cane toad (Lair:5)
  9 wargs
  5 spatial vortices (Abyss:3)
  2 hydra simulacra (IceCv)
  A two-headed ogre skeleton (Crypt:1)
  A floating eye (Depths:1)
  9 hell hounds
  An acid dragon (D:10)
  19 water moccasins
  7 swamp drakes (Swamp:4)
  47 orc warriors
  4 ice beasts (D:6)
  6 black bears
  A black bear (shapeshifter) (Vaults:5)
  12 ogres
  4 boggarts (Vaults:1)
  A swamp dragon zombie (Crypt:3)
  6 centaurs
  4 dream sheep skeletons
  An elephant zombie (Lair:5)
  2 human skeletons
  3 wolves (Lair:1)
  A manticore skeleton (Crypt:3)
  The ghost of zen1337 the Magician, an amateur DsCj (D:4)
  A hog skeleton (Crypt:2)
  3 phantoms
  4 kobold brigands
  14 bullfrogs
  2 gnoll sergeants
  3 earth elementals
  A water moccasin zombie (D:4)
  3 cane toad simulacra
  2 scorpions
  7 necrophages
  6 wights
  A troll zombie (Crypt:3)
  A water moccasin skeleton (Crypt:2)
  2 elephant simulacra (Lair:5)
  14 killer bees
  A wolf zombie (Crypt:3)
  A bullfrog zombie (Crypt:1)
  2 crimson imps (Gauntlet)
  4 howler monkeys
  7 hounds
  A human zombie (Crypt:2)
  4 jellies
  33 orc priests
  A basilisk zombie (Crypt:2)
  4 gnoll boudas
  Crazy Yiuf (D:6)
  7 iguanas
  Natasha (thrice) (D:2)
  25 orc wizards
  12 hell rats
  A spriggan simulacrum (IceCv)
  A polar bear simulacrum (IceCv)
  A wolf simulacrum (IceCv)
  A howler monkey skeleton (D:4)
  27 gnolls
  9 adders
  An adder (shapeshifter) (Vaults:2)
  4 shadow imps
  2 white imps
  An ufetubus (IceCv)
  A worm (D:2)
  A dart slug (D:1)
  131 orcs
  7 endoplasms
  5 giant cockroaches
  7 goblins
  8 hobgoblins
  8 jackals
  5 quokkas
  8 ball pythons
  5 bats
  6 frilled lizards
  A frilled lizard zombie (Crypt:2)
  A goblin skeleton (Crypt:1)
  6 kobolds
  An orc zombie (Crypt:1)
  3 rats
  A rat skeleton (Crypt:3)
  A fulminant prism (Depths:1)
2569 creatures vanquished.

Vanquished Creatures (collateral kills)
  the Royal Jelly (Slime:5)
  A dread lich (Vaults:3)
  the Lernaean hydra (Swamp:4)
  2 Killer Klowns (Zot:5)
  2 hellephants (Zot:5)
  A tentacled monstrosity (Vaults:5)
  A titan (Vaults:5)
  A quicksilver dragon (Vaults:5)
  8 acid blobs (Slime:5)
  A storm dragon (Vaults:5)
  A shadow dragon (Zot:1)
  5 azure jellies (Slime:5)
  3 rockslimes (Slime:5)
  An emperor scorpion (shapeshifter) (Zot:5)
  A reaper (Crypt:1)
  A war gargoyle (Vaults:4)
  A quicksilver ooze (Slime:5)
  2 very ugly things (Zot:5)
  A broodmother (shapeshifter) (Zot:5)
  2 green draconians (Zot:1)
  A dire elephant (Vaults:1)
  A red draconian (Zot:1)
  A spark wasp (shapeshifter) (Zot:5)
  A green death (Crypt:1)
  An iron golem (Hell)
  A catoblepas (shapeshifter) (Zot:5)
  A peacekeeper (Vaults:4)
  3 vault guards (Vaults:5)
  A soul eater (Crypt:1)
  A large abomination (Crypt:1)
  A shadow wraith (Crypt:1)
  A goliath frog (Crypt:1)
  A sea snake (shapeshifter) (Zot:5)
  A glowing orange brain (Depths:2)
  2 ironbound convokers (Vaults:5)
  A phantasmal warrior (Vaults:5)
  A necromancer (Vaults:2)
  A deep elf zephyrmancer (Elf:3)
  A wolf spider (Crypt:1)
  An elephant (shapeshifter) (Zot:5)
  An unseen horror (shapeshifter) (Vaults:5)
  A freezing wraith (Vaults:3)
  3 yaktaurs (Vaults:5)
  A spriggan (Depths:3)
  2 wraiths
  A human (shapeshifter) (Zot:5)
  A neqoxec (Depths:2)
  A chaos spawn (Crypt:1)
  3 vampire mosquitoes (Crypt:1)
  A floating eye (Slime:2)
  A phantom (Crypt:1)
  A scorpion (Crypt:1)
  A small abomination (Crypt:1)
  A hell rat (Crypt:1)
  A giant cockroach (Crypt:1)
80 creatures vanquished.

Vanquished Creatures (others)
  2 tentacled monstrosities (Vaults:5)
  A sphinx (Vaults:5)
  A tengu reaver (Vaults:5)
  A storm dragon (Vaults:5)
  A frost giant (Vaults:5)
  A draconian knight (Zot:1)
  A fire giant (Vaults:5)
  4 vault wardens (Vaults:5)
  An ironbound preserver (Vaults:5)
  A deep elf elementalist (Elf:2)
  3 stone giants (Vaults:5)
  A yellow draconian (Zot:1)
  A red draconian (Zot:1)
  A deep elf death mage (Vaults:5)
  9 vault guards (Vaults:5)
  A centaur warrior (Vaults:1)
  A shadow wraith (Vaults:5)
  A phantasmal warrior (Vaults:5)
  2 ironbound convokers (Vaults:5)
  A necromancer (Vaults:5)
  3 vault sentinels (Vaults:5)
  A demonic crawler (Crypt:1)
  A slime creature (Slime:5)
  A water elemental (Elf:2)
  An ogre (D:15)
  An orc (Orc:1)
  21 foxfires
  107 fulminant prisms
171 creatures vanquished.

Grand Total: 2820 creatures vanquished

Notes
Turn   | Place    | Note
-------+----------+-------------------------------------------
     0 | D:1      | CrazyMind the Spriggan Earth Elementalist began the quest
                  | for the Orb.
     0 | D:1      | Reached XP level 1. HP: 9/9 MP: 5/5
   205 | D:1      | Reached XP level 2. HP: 13/13 MP: 4/6
   208 | D:1      | Learned a level 2 spell: Passwall
  1099 | D:2      | Reached XP level 3. HP: 16/16 MP: 6/8
  1120 | D:2      | Learned a level 3 spell: Stone Arrow
  1293 | D:2      | Found Atopiyne's Magic Scroll Shop.
  1299 | D:2      | Bought a scroll of blinking for 97 gold pieces
  1317 | D:2      | Noticed Natasha
  1320 | D:2      | Killed Natasha
  1451 | D:2      | Reached XP level 4. HP: 21/21 MP: 7/10
  1487 | D:2      | Noticed an ogre
  1508 | D:2      | Identified the +9 war axe "Owoassec" {vamp, Int+5}
  1808 | D:2      | Killed an ogre
  1809 | D:2      | Reached XP level 5. HP: 24/24 MP: 7/12
  1857 | D:2      | Learned a level 4 spell: Petrify
  1892 | D:2      | Noticed Natasha
  1933 | D:2      | Killed Natasha
  1953 | D:2      | Noticed Natasha
  1958 | D:2      | Killed Natasha
  2494 | D:3      | Found a broken altar of Ashenzari.
  3134 | D:4      | Found a snail-covered altar of Cheibriados.
  3138 | D:4      | Noticed an ogre
  3149 | D:3      | Reached XP level 6. HP: 20/28 MP: 8/14
  3304 | D:3      | Reached skill level 5 in Spellcasting
  3304 | D:3      | Reached skill level 5 in Earth Magic
  3642 | D:4      | Found a sacrificial altar of Ru.
  3726 | D:4      | Reached skill level 5 in Stealth
  3726 | D:4      | Reached XP level 7. HP: 32/32 MP: 12/16
  3769 | D:4      | Noticed a steam dragon
  3831 | D:4      | Found a transporter.
  3978 | D:4      | Found a transporter.
  3982 | D:4      | Noticed zen1337's ghost (amateur DsCj)
  4072 | D:5      | Entered Level 5 of the Dungeon
  4345 | D:5      | Found the +7 Spriggan's Knife {stab, EV+4 Stlth+}
  4434 | D:5      | Upgraded the game from 0.30.1-3-gfc49f6343a to
                  | 0.30.1-4-g462c640d31
  4438 | D:5      | Learned a level 3 spell: Confusing Touch
  4497 | D:5      | Reached skill level 1 in Hexes
  4497 | D:5      | Reached XP level 8. HP: 13/36 MP: 11/18
  4817 | D:5      | Identified the +8 battleaxe "Neuwku" {spect, rF++}
  5317 | D:6      | Reached skill level 1 in Short Blades
  5460 | D:6      | Noticed Eustachio
  5474 | D:6      | Killed Eustachio
  5542 | D:6      | Learned a level 2 spell: Ensorcelled Hibernation
  5544 | D:6      | Noticed a manticore
  5590 | D:6      | Found an iron altar of Okawaru.
  5837 | D:6      | Reached XP level 9. HP: 40/40 MP: 18/21
  5984 | D:6      | Found a runed translucent door.
  5985 | D:6      | Noticed Crazy Yiuf
  5992 | D:6      | Killed Crazy Yiuf
  6000 | D:6      | Identified the +1 hammer of the Exceptional God {heavy,
                  | rElec Dex+4}
  6063 | D:6      | Found a staircase to the Ecumenical Temple.
  6086 | Temple   | Entered the Ecumenical Temple
  6086 | Temple   | Found a transporter.
  6086 | Temple   | Found a transporter.
  6088 | Temple   | Found a transporter.
  6088 | Temple   | Found a transporter.
  6118 | Temple   | Became a worshipper of Gozag Ym Sagoz the Greedy
  6212 | D:6      | Found a hazy altar of Hepliaklqana.
  6679 | D:6      | Killed a manticore
  6680 | D:6      | Reached skill level 10 in Stealth
  7331 | D:2      | Bought a scroll of identify for 26 gold pieces
  7331 | D:2      | Bought a scroll of identify for 26 gold pieces
  7484 | D:7      | Found a transporter.
  7513 | D:7      | Reached skill level 5 in Hexes
  7588 | D:7      | Noticed a kobold demonologist
  7591 | D:7      | Noticed a kobold demonologist
  7615 | D:7      | Found a transporter.
  8109 | D:7      | Found a basalt altar of Yredelemnul.
  8806 | D:7      | Reached XP level 10. HP: 44/44 MP: 7/23
  9134 | D:8      | Found a radiant altar of Vehumet.
  9134 | D:8      | Found an ornate altar of the Wu Jian Council.
  9135 | D:8      | Found a white marble altar of Elyvilon.
  9916 | D:8      | Found Atzuethra's Jewellery Shoppe.
 10203 | D:9      | Reached skill level 5 in Short Blades
 10407 | D:9      | Reached skill level 1 in Fighting
 10466 | D:9      | Noticed a +0 falchion
 10469 | D:9      | Noticed a +0 short sword
 10469 | D:9      | Noticed a +0 falchion
 10470 | D:9      | Noticed a +0 dagger
 10470 | D:9      | Noticed a +0 short sword
 10503 | D:9      | Found a hide-covered altar of Uskayaw.
 10505 | D:9      | Noticed a +0 spear
 10505 | D:9      | Noticed a +0 dagger
 10506 | D:9      | Noticed a +0 spear
 10755 | D:9      | Noticed Harold
 11274 | D:9      | Killed Harold
 11275 | D:9      | Reached skill level 1 in Throwing
 11275 | D:9      | Reached skill level 5 in Dodging
 11442 | D:10     | Entered Level 10 of the Dungeon
 11864 | D:10     | Found the +7 Throatcutter {drain, coup de grace}
 12208 | D:10     | Found a shadowy altar of Dithmenos.
 12358 | D:10     | Reached XP level 11. HP: 31/49 MP: 25/25
 12452 | D:10     | Noticed a three-headed hydra
 12456 | D:10     | Killed a three-headed hydra
 12850 | D:2      | Bought a scroll of summoning for 123 gold pieces
 12850 | D:2      | Bought a scroll of amnesia for 52 gold pieces
 13317 | D:11     | Reached skill level 10 in Spellcasting
 13847 | D:11     | Found a staircase to the Lair.
 14365 | D:11     | Noticed a boulder beetle
 14368 | D:11     | Killed a boulder beetle
 14369 | D:11     | Reached skill level 1 in Conjurations
 15121 | D:11     | Found a staircase to the Orcish Mines.
 15524 | Lair:1   | Entered Level 1 of the Lair of Beasts
 15944 | Lair:1   | Found a runed translucent door.
 15946 | Lair:1   | Noticed lasso's ghost (journeyman DECj)
 16064 | Lair:1   | Reached XP level 12. HP: 53/53 MP: 15/28
 17352 | Lair:2   | Noticed a boulder beetle
 17364 | Lair:2   | Killed a boulder beetle
 17397 | Lair:2   | Found a staircase to the Swamp.
 17871 | Lair:3   | Noticed Fannar
 17890 | Lair:3   | Found a staircase to the Snake Pit.
 17917 | Lair:3   | Reached skill level 15 in Stealth
 19260 | Lair:4   | Identified a scroll of acquirement
 19260 | Lair:4   | Acquired the +2 hood of the Assassin {Detect Stab+ Stlth++}
 19260 | Lair:4   | Found the +2 hood of the Assassin {Detect Stab+ Stlth++}
 19420 | Lair:4   | Found a gate leading to a gauntlet.
 19447 | Gauntlet | Entered a Gauntlet
 19447 | Gauntlet | Found a transporter.
 19447 | Gauntlet | Found a transporter.
 19469 | Gauntlet | Found a transporter.
 19477 | Gauntlet | Found a transporter.
 19477 | Gauntlet | Found a transporter.
 19477 | Gauntlet | Found a transporter.
 19479 | Gauntlet | Found a transporter.
 19479 | Gauntlet | Found a transporter.
 19491 | Gauntlet | Noticed a ghost crab
 19494 | Gauntlet | Found a transporter.
 19507 | Gauntlet | Found a transporter.
 19514 | Gauntlet | Noticed a dire elephant
 19517 | Gauntlet | Found a transporter.
 19522 | Gauntlet | Found a transporter.
 19556 | Gauntlet | Found a transporter.
 19569 | Gauntlet | Found a transporter.
 19865 | Gauntlet | Identified the ring "Muidar" {Wiz Dex+3}
 19886 | Gauntlet | Noticed a minotaur
 19892 | Gauntlet | Killed a minotaur
 19996 | Lair:4   | Noticed a six-headed hydra
 20052 | Lair:4   | Noticed Kirke
 21316 | D:4      | Killed zen1337's ghost
 21802 | Lair:1   | Killed lasso's ghost
 21803 | Lair:1   | Reached XP level 13. HP: 58/58 MP: 24/30
 22068 | Lair:1   | Reached skill level 10 in Dodging
 22465 | Lair:5   | Entered Level 5 of the Lair of Beasts
 22496 | Lair:5   | Found a staircase to the Slime Pits.
 22833 | Lair:5   | HP: 1/58 [death yak (27)]
 23464 | Lair:5   | Reached skill level 10 in Hexes
 24406 | Lair:5   | Noticed a dire elephant
 24406 | Lair:5   | Noticed a dire elephant
 24497 | Lair:5   | Noticed a dire elephant
 24507 | Lair:5   | Noticed a dire elephant
 24517 | Lair:5   | Killed a dire elephant
 24529 | Lair:5   | Noticed a dire elephant
 25422 | Lair:5   | Reached XP level 14. HP: 65/65 MP: 29/32
 26113 | Lair:5   | Identified the +0 great sword of the Onslaught {heavy, rF+
                  | Will- Int+4}
 26425 | D:12     | Noticed Azrael
 26430 | D:12     | Noticed Sonja
 27013 | D:12     | Found a broken altar of Ashenzari.
 27346 | D:12     | Killed Azrael
 27838 | D:13     | Found Urorr's Antique Weapon Boutique.
 28020 | D:13     | Found a frozen archway.
 28036 | IceCv    | Entered an ice cave
 28416 | IceCv    | Noticed a reaper
 28419 | IceCv    | Killed a reaper
 29191 | D:14     | Found a stormy altar of Qazlal.
 29255 | D:14     | Noticed Nessos
 29255 | D:14     | Found a gate to the Vaults.
 29566 | D:13     | Reached skill level 5 in Fighting
 29684 | D:14     | Killed Nessos
 29702 | D:14     | Reached skill level 1 in Ice Magic
 30556 | D:14     | Reached XP level 15. HP: 72/72 MP: 34/34
 30572 | D:14     | Reached skill level 5 in Transmutations
 31042 | D:14     | Acquired 426 gold pieces
 31571 | Lair:1   | Bought a book of Spectacle for 400 gold pieces
 31575 | Lair:1   | Learned a level 3 spell: Dazzling Flash
 31686 | D:15     | Entered Level 15 of the Dungeon
 31750 | D:15     | Reached skill level 15 in Spellcasting
 32007 | D:15     | Reached XP level 16. HP: 76/76 MP: 22/36
 32249 | D:15     | Found a staircase to the Depths.
 32599 | D:12     | Killed Sonja
 32990 | Orc:1    | Entered Level 1 of the Orcish Mines
 32990 | Orc:1    | Noticed Josephine
 33327 | D:11     | Killed Josephine
 33781 | Orc:2    | Entered Level 2 of the Orcish Mines
 34381 | Orc:2    | Found Monusime's CLEARANCE SALE!.
 34424 | Orc:2    | Bought a potion of brilliance for 8 gold pieces
 34424 | Orc:2    | Bought a potion of resistance for 20 gold pieces
 34711 | Orc:2    | Reached skill level 1 in Evocations
 34806 | Orc:2    | Found a staircase to the Elven Halls.
 35153 | Orc:2    | Found Neneun's Magic Scroll Shop.
 35189 | Orc:2    | Found Diohas's Antique Armour Emporium.
 35193 | Orc:2    | Found Ixtyirph's Antique Weapon Shoppe.
 35291 | Orc:2    | Found Raxkong's Assorted Antiques.
 36371 | Lair:3   | Killed Fannar
 36464 | Lair:4   | Killed Kirke
 36596 | Lair:1   | Bought a book of Iron for 468 gold pieces
 36602 | Lair:1   | Learned a level 5 spell: Borgnjor's Vile Clutch
 36609 | Lair:1   | Learned a level 6 spell: Iron Shot
 36674 | Snake:1  | Entered Level 1 of the Snake Pit
 36680 | Snake:1  | Noticed Mlioglotl
 36702 | Lair:3   | Killed Mlioglotl
 36811 | Snake:1  | Found a basalt altar of Yredelemnul.
 37184 | Snake:1  | Noticed Aizul
 37555 | Snake:1  | Killed Aizul
 38476 | Snake:2  | Noticed Louise
 38604 | Snake:2  | Noticed Saint Roka
 39321 | Snake:2  | Killed Saint Roka
 39322 | Snake:2  | Reached skill level 5 in Evocations
 39481 | Snake:2  | Killed Louise
 39571 | Snake:3  | Reached XP level 17. HP: 81/81 MP: 32/37
 40300 | Snake:2  | Learned a level 4 spell: Fulminant Prism
 41243 | Snake:3  | Reached skill level 10 in Short Blades
 41732 | Snake:4  | Entered Level 4 of the Snake Pit
 41810 | Snake:4  | Noticed Agnes
 41815 | Snake:3  | Killed Agnes
 42317 | Snake:4  | Identified the +2 pair of boots of the Vaults {rC+ Int+3
                  | Stlth+}
 42440 | Snake:4  | Reached skill level 5 in Conjurations
 45144 | Snake:4  | Reached XP level 18. HP: 73/88 MP: 35/39
 45384 | Snake:4  | Got a serpentine rune of Zot
 45682 | Swamp:1  | Entered Level 1 of the Swamp
 47476 | Swamp:2  | Learned a level 3 spell: Mephitic Cloud
 47532 | Lair:1   | Bought a book of Vapours for 312 gold pieces
 47532 | Lair:1   | Bought an Everburning Encyclopedia for 432 gold pieces
 47536 | Lair:1   | Learned a level 3 spell: Ignite Poison
 47908 | Swamp:1  | Reached skill level 1 in Shields
 49122 | Swamp:3  | Noticed a tentacled monstrosity
 49156 | Swamp:3  | Killed a tentacled monstrosity
 49337 | Swamp:3  | Identified Roxanne's Codex of the Shift
 49337 | Swamp:3  | Noticed Roxanne
 49408 | Swamp:3  | Killed Roxanne
 50134 | Swamp:4  | Entered Level 4 of the Swamp
 50137 | Swamp:4  | Reached skill level 10 in Evocations
 50588 | Swamp:4  | Reached skill level 27 in Stealth
 51433 | Swamp:4  | Reached XP level 19. HP: 93/93 MP: 41/41
 51508 | Swamp:4  | Learned a level 2 spell: Blink
 51796 | Swamp:4  | Noticed the 27-headed Lernaean hydra
 51990 | Orc:2    | Bought a phantom mirror for 1440 gold pieces
 52239 | Swamp:4  | Killed the 27-headed Lernaean hydra
 52254 | Swamp:4  | Got a decaying rune of Zot
 52550 | Elf:1    | Entered Level 1 of the Elven Halls
 52915 | Elf:1    | Noticed Zenata
 53395 | Vaults:1 | Entered Level 1 of the Vaults
 54602 | Vaults:1 | Learned a level 5 spell: Summon Mana Viper
 55141 | Vaults:1 | Found Eppodimi's Distillery.
 55482 | Vaults:1 | Reached skill level 10 in Earth Magic
 55907 | Vaults:2 | You fall into a shaft and drop 2 floors!
 56588 | Vaults:2 | Reached skill level 5 in Shields
 57044 | Lair:1   | Bought an embroidered robe for 122 gold pieces
 57044 | Lair:1   | Bought a glowing robe for 122 gold pieces
 57557 | Lair:1   | Bought a book of Misfortune for 432 gold pieces
 57559 | Lair:1   | Bought the Unrestrained Analects for 552 gold pieces
 57565 | Lair:1   | Learned a level 5 spell: Yara's Violent Unravelling
 58676 | Vaults:2 | Reached skill level 1 in Necromancy
 58809 | Vaults:2 | Reached XP level 20. HP: 98/98 MP: 40/43
 60108 | Orc:2    | Bought 2 scrolls of silence for 323 gold pieces
 60108 | Orc:2    | Bought a scroll of blinking for 127 gold pieces
 60108 | Orc:2    | Bought 3 scrolls of summoning for 484 gold pieces
 60108 | Orc:2    | Bought 2 scrolls of magic mapping for 255 gold pieces
 60969 | Vaults:2 | Found the amulet of Vitality {RegenMP++ Regen++}
 62103 | Vaults:3 | Reached skill level 1 in Poison Magic
 62525 | Vaults:3 | Reached skill level 1 in Summonings
 62940 | Vaults:3 | Found a staircase to the Crypt.
 63118 | Vaults:3 | Found Ympagun's Armour Emporium.
 63503 | Vaults:3 | Reached skill level 1 in Translocations
 63608 | Vaults:3 | Got the Precepts of Angles
 64267 | Vaults:4 | Found a large runed translucent door.
 64267 | Vaults:4 | Found a large runed translucent door.
 64267 | Vaults:4 | Found a large runed translucent door.
 64267 | Vaults:4 | Found a large runed translucent door.
 64267 | Vaults:4 | Found a large runed translucent door.
 64267 | Vaults:4 | Found a large runed translucent door.
 64267 | Vaults:4 | Found a large runed translucent door.
 64267 | Vaults:4 | Found a large runed translucent door.
 64267 | Vaults:4 | Noticed a dread lich
 64267 | Vaults:4 | Noticed Nornya's ghost (veteran MfSu)
 65835 | Elf:1    | Reached skill level 10 in Transmutations
 66231 | Elf:1    | Found Jiomoaca's Magic Scroll Shoppe.
 66472 | Elf:1    | Killed Zenata
 66473 | Elf:1    | Reached skill level 15 in Dodging
 66613 | Elf:1    | Found a radiant altar of Vehumet.
 66742 | Elf:2    | Found Wozoteu's Weapon Shop.
 67997 | Elf:2    | Found a runed translucent gate.
 67997 | Elf:2    | Found a runed translucent gate.
 67997 | Elf:2    | Found a runed translucent gate.
 68560 | Elf:2    | Reached XP level 21. HP: 102/102 MP: 16/46
 69309 | Elf:3    | Entered Level 3 of the Elven Halls
 69679 | Elf:3    | Found Zuvaik's One-of-a-Kind Rings.
 71018 | Elf:3    | Identified the +1 robe "Gibruuno" {rElec rC- Dex+9 SInv}
 71106 | Elf:3    | Identified the +10 spear "Fentak" {chaos, *Rage rC+ Will+
                  | Stlth+}
 71106 | Elf:3    | Identified the amulet "Netimp" {Spirit rPois Dex+3 Stlth+}
 71528 | Elf:3    | Reached skill level 1 in Air Magic
 71864 | Elf:3    | Identified the +3 leather armour of Pigudodgh {rPois Int+5
                  | Dex-4}
 71899 | Elf:3    | Bought the ring of Kuekischus {rC+ rN+ Will+} for 518 gold
                  | pieces
 72029 | Elf:3    | Identified the +10 hand axe of Success {drain, Dex+4}
 72029 | Elf:3    | Identified the ring of Harmony {rElec rF+ rN+}
 72302 | Elf:3    | Identified the +3 shortbow of Ragnarok {drain, Contam rCorr
                  | Str+7 Int+3}
 72314 | Elf:3    | Identified the staff of conjuration "Yfuschit" {SInv}
 72320 | Elf:3    | Identified the staff of poison "Faasiej" {rPois rC+}
 72328 | Elf:3    | Identified the staff of death "Ataitic" {rC++ rN+}
 72331 | Elf:3    | Identified the staff of cold "Toyrhuta" {rPois rC+ Str+5
                  | Int-2 Dex+3}
 72373 | Elf:3    | Identified the +7 sling of Weurpheli {flame, Fragile rN+++
                  | Str+2 Dex+3}
 74237 | Vaults:4 | Found Vaegi's Antique Weapon Shoppe.
 76200 | Vaults:4 | Reached skill level 15 in Hexes
 76488 | Vaults:4 | Reached XP level 22. HP: 103/107 MP: 38/48
 76875 | Vaults:4 | Noticed a golden dragon
 76890 | Vaults:4 | Killed a golden dragon
 77593 | Vaults:4 | Identified the ring of Foolhardiness {MP+9 Str+4}
 77799 | Vaults:4 | Identified the +1 mace "Giantslayer" {flame, rPois rC+}
 78172 | Vaults:3 | Killed Nornya's ghost
 78206 | Vaults:3 | Killed a dread lich
 78949 | Depths:1 | Entered Level 1 of the Depths
 80315 | Depths:1 | Found an ornate altar of the Wu Jian Council.
 80438 | Depths:1 | Found a gateway to Hell.
 83929 | Depths:2 | Reached XP level 23. HP: 112/112 MP: 51/51
 84303 | Depths:2 | Found Dullown's Distillery.
 84348 | Depths:2 | Identified the +1 robe of Abreef {Harm rPois rN++ Dex+3}
 84413 | Depths:2 | Found a one-way gate leading to the halls of Pandemonium.
 84750 | Depths:2 | Found an iron altar of Okawaru.
 85459 | Depths:3 | Noticed Vv
 85671 | Depths:3 | Found a one-way gate to the infinite horrors of the Abyss.
 86217 | Depths:3 | Found a hazy altar of Hepliaklqana.
 87123 | Depths:3 | Identified the staff of air "Hefruquut" {Drain rElec rN++}
 87973 | Depths:4 | Entered Level 4 of the Depths
 88195 | Depths:4 | Reached skill level 5 in Necromancy
 88272 | Depths:4 | Found a gate to the Realm of Zot.
 88813 | Depths:3 | Killed Vv
 88900 | Depths:4 | Found Nabonafaq's Magic Scroll Shoppe.
 88910 | Depths:4 | Bought a scroll of acquirement for 728 gold pieces
 89031 | Depths:3 | Acquired 730 gold pieces
 89607 | Depths:4 | Found a one-way gateway to a ziggurat.
 90429 | Vaults:5 | Entered Level 5 of the Vaults
 92296 | Vaults:5 | Found Qalunuke's Distillery.
 92484 | Vaults:5 | Identified the +9 shortbow of the Many Ultimatums {flame,
                  | rC++ Will+++ Dex-3}
 92612 | Vaults:5 | Got a silver rune of Zot
 92783 | Vaults:5 | Identified the staff of cold "Zorou" {Fly rElec rC+}
 92799 | Vaults:5 | Identified the staff of conjuration "Cerchysk" {rN+ Int+2
                  | Dex-5}
 92841 | Vaults:5 | Reached XP level 24. HP: 116/116 MP: 52/52
 93202 | Vaults:5 | Identified the staff of cold "Zuhysch" {rF+ rC+ rCorr
                  | Dex+4}
 94184 | Vaults:5 | Bought a potion of invisibility for 160 gold pieces
 94184 | Vaults:5 | Bought a potion of attraction for 60 gold pieces
 94184 | Vaults:5 | Bought a potion of invisibility for 160 gold pieces
 94281 | Crypt:1  | Entered Level 1 of the Crypt
 94300 | Crypt:1  | Reached skill level 15 in Earth Magic
 94553 | Vaults:3 | Upgraded the game from 0.30.1-4-g462c640d31 to
                  | 0.30.1-5-ged363bc7ee
 94696 | Crypt:1  | Found a runed translucent gate.
 94697 | Crypt:1  | Found a runed translucent gate.
 94708 | Crypt:1  | Found a runed translucent gate.
 95216 | Crypt:1  | Noticed Margery
 95325 | Crypt:1  | Upgraded the game from 0.30.1-5-ged363bc7ee to
                  | 0.30.1-6-gbe392663c4
 95534 | Crypt:1  | Killed Margery
 97712 | Crypt:2  | Reached skill level 15 in Transmutations
 99576 | Crypt:3  | Entered Level 3 of the Crypt
 99578 | Crypt:3  | Noticed Kucw's ghost (adept GrFi)
 99597 | Crypt:2  | Learned a level 4 spell: Dispel Undead
 99622 | Crypt:3  | Noticed Grunn
100403 | Crypt:3  | Found a staircase to the Tomb.
100810 | Crypt:3  | Found a runed translucent door.
101357 | Crypt:3  | Killed Grunn
102474 | Crypt:3  | Reached XP level 25. HP: 72/121 MP: 8/53
102679 | Crypt:3  | Identified the +9 ice dragon scales of Funys {Harm rF- rC++
                  | Int+7}
102788 | Crypt:3  | Found an ancient bone altar of Kikubaaqudgha.
102814 | Crypt:3  | Identified the +10 quarterstaff of Gefel {flame, *Noise
                  | rF+++ rN++}
103233 | Crypt:3  | Identified the ring of Babua {rN+ Int+4}
103233 | Crypt:3  | Identified the ring "Tasel" {rN+ Slay+2}
103233 | Crypt:3  | Identified the ring of Wosanecs {rN+ Will+ Int+2 Dex+3
                  | Slay-2}
103245 | Crypt:3  | Identified the +0 leather armour of Untruth {+Inv Int+2
                  | Dex-2}
103262 | Crypt:3  | Identified the staff of conjuration "Beker" {Int+3}
103991 | Crypt:3  | Identified the +8 long sword of Hoegepn {venom, rF++ Int+3
                  | Stlth+}
103998 | Crypt:3  | Acquired 568 gold pieces
104080 | Crypt:3  | Killed Kucw's ghost
104092 | Crypt:3  | Upgraded the game from 0.30.1-6-gbe392663c4 to
                  | 0.30.1-8-g117510f58f
104362 | Hell     | Entered the Vestibule of Hell
104369 | Hell     | Noticed Geryon
105297 | Hell     | Killed Geryon
105540 | Hell     | Found a gateway to the decaying netherworld of Tartarus.
106700 | Hell     | Reached skill level 10 in Necromancy
107010 | Hell     | Found a gateway to the freezing wastes of Cocytus.
107084 | Hell     | Found a gateway to the ashen valley of Gehenna.
107528 | Hell     | Found a gateway to the Iron City of Dis.
108261 | Slime:1  | Entered Level 1 of the Pits of Slime
108385 | Slime:1  | You fall into a shaft and drop 1 floor!
109522 | Slime:2  | Gained mutation: Your muscles are strong. (Str +4, Int/Dex
                  | -1) [a shining eye]
110611 | Slime:3  | Found a viscous altar of Jiyva.
111668 | Slime:3  | Noticed Dissolution
111679 | Slime:3  | Killed Dissolution
111875 | Slime:5  | Entered Level 5 of the Pits of Slime
112293 | Slime:5  | Noticed the Royal Jelly
112471 | Lair:1   | Learned a level 8 spell: Discord
112734 | Slime:5  | Reached skill level 27 in Spellcasting
112915 | Slime:5  | Killed the Royal Jelly
113190 | Slime:5  | Found the ring of the Hare {EV+10}
113207 | Slime:5  | Identified the +0 ring mail "Kixkyul" {rN+ Int+2 Slay+3}
113261 | Slime:5  | Identified the +9 sling of the Howling Soothsayer {flame,
                  | Stlth+}
113313 | Slime:5  | Identified the +2 broad axe of the Common Good {flame,
                  | Will+}
113320 | Slime:5  | Identified the +0 scale mail "Heohidda" {rElec Will- rCorr}
113324 | Slime:5  | Got a slimy rune of Zot
113943 | Depths:3 | Voluntarily entered the Abyss.
114019 | Abyss:2  | Found a corrupted altar of Lugonu.
114034 | Abyss:3  | Found a corrupted altar of Lugonu.
114056 | Abyss:3  | Reached XP level 26. HP: 109/126 MP: 37/55
114095 | Abyss:3  | Found a corrupted altar of Lugonu.
114102 | Abyss:3  | Found a corrupted altar of Lugonu.
114118 | Abyss:3  | Found a hazy altar of Hepliaklqana.
114128 | Abyss:3  | Found a hazy altar of Hepliaklqana.
114157 | Abyss:3  | Found a corrupted altar of Lugonu.
114395 | Abyss:3  | Got an abyssal rune of Zot
114513 | Depths:3 | Escaped the Abyss
114615 | Zot:1    | Entered Level 1 of the Realm of Zot
115785 | Zot:1    | Reached skill level 10 in Conjurations
117120 | Lair:1   | Bought a manual of Long Blades for 960 gold pieces
118117 | Zot:2    | Noticed Emnejil's ghost (master VSBe)
118395 | Zot:2    | You fall into a shaft and drop 2 floors!
118910 | Zot:2    | Found a runed translucent gate.
118910 | Zot:2    | Found a runed translucent gate.
118923 | Zot:2    | Found a runed translucent gate.
121484 | Zot:4    | Reached XP level 27. HP: 117/130 MP: 46/55
122886 | Zot:4    | Identified the amulet of Lukhlanue {Spirit +Inv Regen+}
122902 | Zot:4    | Identified the +1 leather armour of Fedhas's Vengeance {rN+
                  | Regen+}
123021 | Zot:4    | Learned a level 8 spell: Necromutation
123105 | Zot:5    | Entered Level 5 of the Realm of Zot
123290 | Zot:5    | Found a huge runed gate.
123290 | Zot:5    | Found a huge runed gate.
123290 | Zot:5    | Found a huge runed gate.
123291 | Zot:5    | Found a huge runed gate.
123291 | Zot:5    | Found a huge runed gate.
123291 | Zot:5    | Found a huge runed gate.
123291 | Zot:5    | Found a huge runed gate.
123291 | Zot:5    | Found a huge runed gate.
123292 | Zot:5    | Found a huge runed gate.
123293 | Zot:5    | Found a huge runed gate.
123294 | Zot:5    | Found a huge runed gate.
123295 | Zot:5    | Found a huge runed gate.
123297 | Zot:5    | Found a huge runed gate.
123298 | Zot:5    | Found a huge runed gate.
123299 | Zot:5    | Found a huge runed gate.
123307 | Zot:5    | Found a huge runed gate.
123307 | Zot:5    | Found a huge runed gate.
123307 | Zot:5    | Found a huge runed gate.
123307 | Zot:5    | Found a huge runed gate.
123307 | Zot:5    | Found a huge runed gate.
123307 | Zot:5    | Found a huge runed gate.
123312 | Zot:5    | Found a huge runed gate.
123313 | Zot:5    | Found a huge runed gate.
123314 | Zot:5    | Found a huge runed gate.
123604 | Zot:5    | Found a huge runed gate.
123604 | Zot:5    | Found a huge runed gate.
123604 | Zot:5    | Found a huge runed gate.
123604 | Zot:5    | Found a huge runed gate.
123604 | Zot:5    | Found a huge runed gate.
123604 | Zot:5    | Found a huge runed gate.
123605 | Zot:5    | Found a huge runed gate.
123606 | Zot:5    | Found a huge runed gate.
123608 | Zot:5    | Found a huge runed gate.
123619 | Zot:5    | Found a huge runed gate.
123619 | Zot:5    | Found a huge runed gate.
123619 | Zot:5    | Found a huge runed gate.
124181 | Zot:5    | Noticed a dread lich
124203 | Zot:5    | Killed a dread lich
124641 | Zot:5    | Noticed an orb of fire
125291 | Zot:5    | Noticed an ancient lich
125298 | Zot:5    | Killed an ancient lich
125318 | Zot:5    | Killed an orb of fire
125527 | Zot:5    | Noticed a dread lich
125549 | Zot:5    | Killed a dread lich
125987 | Zot:5    | Noticed an orb of fire
126015 | Zot:5    | Noticed an orb of fire
126019 | Zot:5    | Killed an orb of fire
126030 | Zot:5    | Killed an orb of fire
126516 | Zot:5    | Noticed an orb of fire
126530 | Zot:5    | Killed an orb of fire
127437 | Zot:5    | Noticed an orb of fire
127459 | Zot:5    | Learned a level 1 spell: Apportation
127526 | Zot:5    | Noticed an orb of fire
127531 | Zot:5    | Killed an orb of fire
127560 | Zot:5    | Killed an orb of fire
127870 | Zot:5    | Noticed an ancient lich
127875 | Zot:5    | Killed an ancient lich
128207 | Zot:5    | Identified the staff of poison "Keuduecvea" {rPois rF+}
128263 | Zot:5    | Got Joxeniolirgh's Grimoire of Blasted Iniquitous Arts
128278 | Zot:5    | Identified the +4 cloak of Duck's Teeth {Harm Will+ Slay-6
                  | SInv}
128623 | Zot:2    | Killed Emnejil's ghost
129472 | Crypt:1  | Acquired the Monograph on Amassed Obstruction
129926 | Zot:5    | Got the Orb of Zot
130339 | D:7      | Noticed Xutafir the pandemonium lord
130499 | D:$      | Escaped with the Orb!

Illustrated notes

Levels and vault maps discovered:
D:1:      dpeg_arrival_rhombus, layout_loops_ring, nicolae_figureground_pulse
D:2:      layout_loops_ring, serial_shops, shop, uniq_natasha
D:3:      layout_basic, mainiacjoe_overflow_cross_hatched
D:4:      layout_basic, mainiacjoe_overflow_concentric_impassable,
          kennysheep_mini_moat, gammafunk_ghost_mausoleum
D:5:      layout_basic
D:6:      minmay_angry_zag, layout_layer_cave, marbit_many_paths,
          mainiacjoe_overflow_alcove_4, minmay_temple_entry_slanted,
          minmay_divided_ellipse, uniq_eustachio, uniq_crazy_yiuf_cottage
D:7:      gammafunk_wand_slinger, layout_cave_pods, yredelemnul_altar_generic
D:8:      layout_basic, gammafunk_temple_overflow_claw, serial_shops,
          nicolae_diamond_shop
D:9:      layout_irregular_city, nicolae_uskayaw_en_pointe, uniq_harold
D:10:     layout_basic, lemuel_coloured_pillars_altar, hangedman_ranch
D:11:     layout_loops_corners, due_lair_maze_entry_diamond, david_orc_4
D:12:     layout_cave_pods, serial_column_ruins, column_ruins_square_large,
          column_ruins_grid_2, column_ruins_open_small, column_ruins_open_small,
          column_ruins_open_tiny, column_ruins_grid_1, column_ruins_open_small,
          column_ruins_grid_2, cheibrodos_ashenzari_chains, uniq_sonja,
          uniq_azrael
D:13:     layout_grid_maze, serial_shops, shop, portal_ice_cave_entry_pillars_2,
          kennysheep_nub
D:14:     layout_roguey, david_vaults_3, special_room [special_room_orc],
          nicolae_qazlal_eye_of_the_storm
D:15:     hangedman_depths_entry_try_elsewhere_first, layout_cave_pools,
          minmay_strange_pillars, reono_crystal_passage
Temple:   hellmonk_temple_divided_pantheon
Lair:1:   layout_long_grid, serial_forest, infiniplex_forest_lined_corner,
          infiniplex_forest_end_2, infiniplex_forest_clump_curved,
          infiniplex_forest_fountain, infiniplex_forest_clump_cross,
          infiniplex_forest_zigzag_1, infiniplex_forest_join,
          infiniplex_forest_clump_long, infiniplex_forest_end_3,
          ebering_ghost_inner_flame, columned_hall_lemuel,
          grunt_forest_small_clearing_treed
Lair:2:   layout_cave_shapes, swamp_mist_pool, nzn_sisyphean_effort
Lair:3:   layout_chaotic_city, minmay_snake_entry_six_corridors,
          grunt_megastairs_2, uniq_fannar
Lair:4:   layout_roguey, gauntlet_entry_generic, lemuel_fruit_tree, uniq_kirke,
          uniq_nessos
Lair:5:   due_jungle_book, layout_loops_ring, slime_entry_1, serial_forest,
          infiniplex_forest_clump_diagonal, infiniplex_forest_join,
          infiniplex_forest_clump_curved, infiniplex_forest_end_2,
          infiniplex_forest_end_double
Swamp:1:  layout_basic_swamp, hangedman_swamp_lotus
Swamp:2:  layout_falls_marsh, evilmike_swamp_ruin_wall, swamp_pool1
Swamp:3:  cheibrodos_swamp_monstrosity, layout_basic_swamp,
          evilmike_swamp_ruin_house_5, swamp_pool1, nicolae_swamp_baby_hydras,
          infiniplex_staircase_pool, uniq_roxanne
Swamp:4:  grunt_swamp_rune_castle, layout_basic_swamp, swamp_pool1
Snake:1:  layout_rooms, basic_altar, serial_corexii_hall,
          corexii_hall_statues_deadend, corexii_hall_statues_x,
          chequers_hall_statues_wall_a, uniq_aizul, uniq_mlioglotl
Snake:2:  layout_onion_interference, uniq_saint_roka, uniq_louise
Snake:3:  layout_onion, grunt_ministairs_12, serial_bayou_pond_b,
          grunt_megastairs_3
Snake:4:  snake_pit_salamanders_mu, layout_onion_interference,
          grunt_megastairs_5, serial_bayou_shore_b, uniq_agnes
Slime:1:  layout_caves
Slime:2:  layout_caves
Slime:3:  layout_caves, basic_altar, uniq_dissolution
Slime:4:  layout_caves
Slime:5
Orc:1:    layout_diamond_mine, uniq_josephine
Orc:2:    grunt_orc_community_town_hall, layout_diamond_mine,
          grunt_orc_community_big_house_2, grunt_orc_community_big_house_1,
          grunt_orc_community_house_3, grunt_orc_community_house_2,
          grunt_orc_community_house_1, grunt_orc_community_house_3,
          grunt_orc_community_house_1, nicolae_shop_clearance
Elf:1:    layout_gridlike, minivault_28, minmay_shop_star, grunt_megastairs_4,
          lemuel_upstairs_altar, uniq_zenata
Elf:2:    elven_hall_of_blades_hangedman_original
          [nicolae_blade_entry_pointy_end], layout_loops_corners, serial_shops,
          shop
Elf:3:    grunt_elf_hall_spiral, layout_geoelf_diagonals, dk_noncrumbling_2,
          nicolae_shop_unique_rings
Vaults:1: v_rooms_5, nicolae_vaults_whirlpool_walls, hangedman_vaults_stream,
          nicolae_vaults_sealed_display, v_misc_2, vaults_room_semicircle,
          nicolae_vaults_yaktaur_gun_rack, nicolae_vaults_apartment_2,
          vaults_mumra_minichess, vaults_dpeg_emergency_exit,
          nicolae_vaults_tetromino_T_2, layout_vaults_big_cross, serial_shops,
          shop
Vaults:2: ontoclasm_vaults_spin, st_greater_box_5, nicolae_vaults_angled_halls,
          v_pattern_3, hangedman_vaults_nails, nicolae_vaults_network_s,
          v_alt_pattern_4, nicolae_vaults_mini_display_case, v_alt_pattern_5,
          grunt_vaults_focal, v_misc_23, layout_vaults_omnibox
Vaults:3: vaults_room_hangedman_quadrants, v_misc_1, ontoclasm_vaults_pinch,
          vaults_room_hallway, nicolae_vaults_big_angled_halls,
          nicolae_vaults_door_testing_chamber,
          minmay_crypt_entry_simple_corners, nicolae_vaults_apartment_1,
          layout_vaults_omnigrid, serial_shops, nicolae_shop_statue_plus
Vaults:4: advil_vaults_ghost_lines, st_greater_box_3, nicolae_vaults_turnstiles,
          nicolae_vaults_what_the_h, nicolae_vaults_closet_pinwheel_2,
          hangedman_vaults_trim, ontoclasm_vaults_fault,
          nicolae_vaults_tetromino_T_1, nicolae_vaults_trapezoid_layered,
          vaults_room_fours, nicolae_vaults_tetromino_L_2,
          layout_vaults_chaotic_city, serial_shops, shop
Vaults:5: serial_shops
Crypt:1:  layout_misc_corridors, pandoras_box_mu, grunt_megastairs_1,
          uniq_margery
Crypt:2:  layout_regular_city, minmay_misc_feat_alley, hellmonk_scarab_ruin
Crypt:3:  church_of_pain_bobbens, layout_chaotic_city,
          hellmonk_ghost_happy_afterlife, uniq_grunn
Depths:1: layout_cave_shapes, hellmouth_2, fountainhead,
          nicolae_wu_jian_immortal_techniques
Depths:2: hangedman_arch_fort, layout_basic, hell_entry, serial_shops, shop,
          hangedman_abyss_or_decor_passed, rand_demon_pan_entry_5,
          minmay_misc_feat_room, okawaru_altar_gauntlet_db,
          infiniplex_staircase_river
Depths:3: nicolae_terramorphic_expanse [nicolae_terramorphic_quarter,
          nicolae_terramorphic_quarter, nicolae_terramorphic_quarter,
          nicolae_terramorphic_quarter, nicolae_terramorphic_quarter,
          nicolae_terramorphic_biome, nicolae_terramorphic_biome,
          nicolae_terramorphic_biome, nicolae_terramorphic_biome],
          layout_small_grid, hangedman_abyss_entry_splay,
          pf_dread_powers_of_hell, nicolae_hepliaklqana_hazy_memory,
          minmay_staircase_bubble, uniq_vv
Depths:4: evilmike_zot_entry_diamond, layout_gridville, enter_ziggurat_b,
          serial_shops, nicolae_shop_waterfront, hell_entry, roderic_lattice_a,
          minmay_misc_feat_nine_boxes, uniq_josephina
Hell
Zot:1:    kennysheep_room_grid, layout_basic, skrybe_zot_glass_1
Zot:2:    grunt_twist_and_shout, layout_concentric_octagons,
          gammafunk_ghost_split
Zot:3:    layout_gridlike
Zot:4:    kennysheep_blocky_room, layout_onion_interference,
          st_large_dragon_hoard_2
Zot:5:    layout_basic, grunt_ministairs_4, not_door_vault_due

Skill      XL: |  1  2  3  4  5  6  7  8  9 10 11 12 13 14 15 16 17 18 19 20 21 22 23 24 25 26 27 |
---------------+----------------------------------------------------------------------------------+-----
Earth Magic    | 3 4 5 6 7 8 9 10 11 12 13 14 15 16 17 18 | 18.6
Spellcasting   | 3 4 5 6 7 8 9 11 12 13 14 15 16 17 18 20 21 23 24 25 27 | 27.0
Stealth        | 4 5 7 11 12 14 17 19 21 23 25 27 | 27.0
Transmutations | 2 4 5 6 9 10 11 13 14 16 17 19 21 | 21.1
Dodging        | 3 6 8 9 11 12 13 14 15 16 17 18 19 | 19.6
Hexes          | 1 3 5 7 8 9 10 11 12 13 14 15 16 18 | 18.4
Short Blades   | 2 4 6 8 9 10 11 | 11.4
Fighting       | 1 3 5 6 7 8 9 |  9.4
Throwing       | 1 |  1.8
Conjurations   | 1 2 3 4 5 6 7 8 9 10 11 | 11.5
Ice Magic      | 1 2 3 4 |  4.0
Evocations     | 5 8 10 12 14 | 14.9
Shields        | 3 5 6 7 8 |  8.5
Necromancy     | 1 2 3 4 5 8 10 11 13 | 13.3
Poison Magic   | 1 2 |  2.3
Summonings     | 1 2 3 |  3.1
Translocations | 1 2 3 |  3.1
Air Magic      | 1 |  1.2
Fire Magic     | |  0.5

Action                     |  1- 3 |  4- 6 |  7- 9 | 10-12 | 13-15 | 16-18 | 19-21 | 22-24 | 25-27 || total
---------------------------+-------+-------+-------+-------+-------+-------+-------+-------+-------++-------
  Melee: Dagger            |    16 |     2 |     1 |       |       |       |       |       |       ||    19
         Unarmed           |     1 |       |       |       |       |       |       |       |       ||     1
         War axe           |       |     8 |     2 |       |       |       |       |       |       ||    10
         Knife             |       |       |   100 |   289 |   342 |   784 |   636 |   535 |   606 ||  3292
         Punch             |       |       |     2 |     1 |     3 |     5 |       |       |       ||    11
         Long sword        |       |       |       |     6 |       |       |       |       |     4 ||    10
  Throw: Boomerang         |       |     2 |     5 |       |       |     6 |    12 |       |     2 ||    27
         Dart              |       |     3 |       |     4 |    22 |     4 |       |       |     5 ||    38
   Cast: Sandblast         |    30 |    72 |    47 |    44 |       |     1 |       |       |       ||   194
         Passwall          |     1 |     2 |     1 |     3 |     5 |     8 |     1 |       |     3 ||    24
         Stone Arrow       |       |       |    12 |    87 |    70 |    25 |       |    14 |       ||   208
         Confusing Touch   |       |       |    10 |    43 |    32 |    30 |     4 |     1 |       ||   120
         Ensorcelled Hiber |       |       |    54 |   133 |    78 |   138 |    20 |     4 |     1 ||   428
         Petrify           |       |       |     7 |     1 |    28 |    22 |   138 |   212 |   185 ||   593
         Dazzling Flash    |       |       |       |       |     2 |   151 |   132 |    71 |   105 ||   461
         Borgnjor's Vile C |       |       |       |       |       |     5 |    71 |   126 |    61 ||   263
         Fulminant Prism   |       |       |       |       |       |    55 |     1 |    20 |    32 ||   108
         Ignite Poison     |       |       |       |       |       |     3 |     9 |     4 |     2 ||    18
         Mephitic Cloud    |       |       |       |       |       |     2 |    23 |    10 |       ||    35
         Summon Mana Viper |       |       |       |       |       |       |    15 |    17 |    19 ||    51
         Iron Shot         |       |       |       |       |       |       |    58 |   175 |   342 ||   575
         Yara's Violent Un |       |       |       |       |       |       |    32 |    24 |    15 ||    71
         Blink             |       |       |       |       |       |       |     6 |     2 |     4 ||    12
         Dispel Undead     |       |       |       |       |       |       |       |   102 |    43 ||   145
         Discord           |       |       |       |       |       |       |       |       |    10 ||    10
         Necromutation     |       |       |       |       |       |       |       |       |    20 ||    20
         Apportation       |       |       |       |       |       |       |       |       |     1 ||     1
 Invoke: Call Merchant     |       |       |       |       |     1 |     3 |     1 |       |       ||     5
         Potion Petition   |       |       |       |       |       |       |     1 |     3 |    18 ||    22
         Bribe Branch      |       |       |       |       |       |       |       |     1 |       ||     1
Ability: End Transformatio |       |       |       |       |       |       |       |       |     1 ||     1
  Evoke: Wand              |       |       |       |       |     1 |     1 |     1 |     1 |     6 ||    10
         Lightning rod     |       |       |       |       |       |     6 |     1 |       |     2 ||     9
         Condenser vane    |       |       |       |       |       |     1 |       |     1 |     1 ||     3
         Phantom mirror    |       |       |       |       |       |       |     1 |       |     1 ||     2
         Horn of Geryon    |       |       |       |       |       |       |       |       |     1 ||     1
         Box of beasts     |       |       |       |       |       |       |       |       |     1 ||     1
    Use: Scroll            |       |       |     8 |    15 |     5 |     5 |     5 |     6 |     5 ||    49
         Potion            |       |       |       |     4 |     4 |     8 |     3 |    10 |     9 ||    38
   Stab: Sleeping          |    13 |     9 |    46 |   101 |   108 |   187 |    95 |    87 |   102 ||   748
         Confused          |       |       |    11 |    37 |    27 |    18 |    14 |     8 |       ||   115
         Distracted        |       |       |     1 |    13 |    28 |    62 |    55 |    76 |    73 ||   308
         Petrified         |       |       |     5 |     1 |    17 |    11 |    12 |    14 |    21 ||    81
         Invisible         |       |       |       |     2 |     3 |   175 |    82 |    53 |    87 ||   402
         Petrifying        |       |       |       |       |       |       |    85 |   108 |   143 ||   336
 Armour: Robe              |       |       |     3 |     6 |    11 |    19 |    25 |    27 |    30 ||   121
  Dodge: Dodged            |    12 |    18 |    47 |   198 |   166 |   668 |   421 |   829 |   831 ||  3190
  Block: Other             |       |     5 |    23 |    61 |    25 |    76 |       |       |       ||   190
         Reflection        |       |       |     1 |     1 |     4 |    19 |    32 |       |     2 ||    59
         Orb               |       |       |       |       |       |    39 |       |       |       ||    39
         Buckler           |       |       |       |       |       |    76 |   276 |   293 |   314 ||   959
